 Dungeon Crawl Stone Soup version 0.25-a0-102-gbfa96ce22d (webtiles) character file.

Game seed: 18098127973087072564, levelgen mode: deterministic

65 vurker the Magician (level 3, 0/26 HPs)
             Began as a Mummy Fire Elementalist on Nov 15, 2019.
             Slain by an adder (1 damage)
             ... on level 2 of the Dungeon.
             The game lasted 00:02:45 (1877 turns).

vurker the Magician (Mummy Fire Elementalist)       Turns: 1877, Time: 00:02:46

Health: 0/26       AC:  2    Str: 11    XL:     3   Next: 94%
Magic:  1/8        EV: 12    Int: 15    God:
Gold:   129        SH:  0    Dex: 12    Spells: 6/9 levels left

rFire    x . .     SeeInvis .   f - +0 dagger
rCold    + . .     Gourm    .   (no shield)
rNeg     + + +     Faith    .   a - +0 robe
rPois    ∞         Spirit   .   (no helmet)
rElec    .         Reflect  .   (no cloak)
rCorr    .         Harm     .   (no gloves)
MR       .....                  (no boots)
Stlth    ++........             (no amulet)
HPRegen  0.08/turn              (no ring)
MPRegen  0.11/turn              (no ring)

@: very slightly contaminated
A: no food or potions, fire vulnerability, cold resistance 1, negative energy
resistance 3, torment resistance, unbreathing
a: no special abilities


You were on level 2 of the Dungeon.
You were not hungry.

You visited 1 branch of the dungeon, and saw 2 of its levels.

You collected 129 gold pieces.

Inventory:

Hand Weapons
 f - a +0 dagger (weapon)
   (You took it off a goblin on level 1 of the Dungeon)
Armour
 a - a +0 robe (worn)
 d - a +0 buckler
   (You found it on level 1 of the Dungeon)
Scrolls
 b - 3 scrolls of identify {unknown}
 c - a scroll of amnesia {unknown}
 e - 2 scrolls of magic mapping {unknown}
 g - 2 scrolls of teleportation {unknown}
 h - a scroll of fog {unknown}
 i - a scroll of remove curse {unknown}


   Skills:
 + Level 1.1 Fighting
 - Level 1.5 Dodging
 - Level 1.5 Stealth
 * Level 3.6 Spellcasting
 * Level 1.8 Conjurations
 * Level 2.9 Fire Magic


You had 6 spell levels left.
You knew the following spells:

 Your Spells              Type           Power        Failure   Level  Hunger
a - Flame Tongue          Conj/Fire      #....        7%          1    N/A
b - Throw Flame           Conj/Fire      #.....       11%         2    N/A

Your spell library contained the following spells:

 Spells                   Type           Power        Failure   Level  Hunger
 Conjure Flame            Conj/Fire      #.......     22%         3    N/A
 Inner Flame              Hex/Fire       #.......     30%         3    N/A
 Sticky Flame             Conj/Fire      #.......     56%         4    N/A
 Fireball                 Conj/Fire      #.........   89%         5    N/A

Dungeon Overview and Level Annotations

Branches:
Dungeon (2/15)

Altars:


Innate Abilities, Weirdness & Mutations

You do not eat or drink.
Your flesh is vulnerable to fire.
You are immune to poison.
Your flesh is cold resistant. (rC+)
You are immune to negative energy. (rN+++)
You are immune to unholy pain and torment.
You can survive without breathing.


Message History

You now have 117 gold pieces (gained 23).
You see here a +0 club.
Found 12 gold pieces.
You now have 129 gold pieces (gained 12).
A goblin comes into view. It is wielding a +0 club.
A goblin is nearby!
Aim: a goblin, wielding a +0 club (resting)
The flame tongue hits the goblin!
You kill the goblin!
You can't see any susceptible monsters within range! (Use Z to cast anyway.)
You can't see any susceptible monsters within range! (Use Z to cast anyway.)
A worm comes into view.
A worm is nearby!
A worm is nearby!
You can't see any susceptible monsters within range! (Use Z to cast anyway.)
You can't see any susceptible monsters within range! (Use Z to cast anyway.)
Aim: a worm The puff of flame hits the worm.
Aim: a worm The flame tongue hits the worm.
Aim: a worm (lightly wounded)
The flame tongue hits the worm.
The worm bites you!
Aim: a worm (moderately wounded)
The flame tongue hits the worm.
Aim: a worm (heavily wounded)
You miscast Flame Tongue.
You are very lightly contaminated with residual magic.
Your bandages flutter.
The worm bites you!
* * * LOW HITPOINT WARNING * * *
Aim: a worm (moderately wounded)
The puff of flame misses the worm.
Aim: a worm (moderately wounded)
The flame tongue hits the worm!
Your magical contamination has completely faded away.
Aim: a worm (lightly wounded)
You miscast Throw Flame.
You are very lightly contaminated with residual magic.
Wisps of smoke drift from your hands.
The adder hisses angrily.
The adder barely misses you.
You miss the adder. The adder bites you.
* * * LOW HITPOINT WARNING * * *
Aim: a worm The flame tongue hits the worm!
The adder bites you.
* * * LOW HITPOINT WARNING * * *
The adder bites you but does no damage. The adder bites you.
* * * LOW HITPOINT WARNING * * *
The adder bites you.
You die...

######### #.......# #.....).#
############# #.......#
............## #.......######
..........#..###..w.........#
..........##w#.@S#..........#
###.......##.#...#..........#
#.......##.....#..........#
###########....#..........#
##....#.(........#
.................# .
..#.###.##########
....#..##.#############
.....'.....)............


You could see a worm and an adder.

Vanquished Creatures
  An adder (D:2)
  An ooze (D:2)
  2 worms (D:2)
  2 dart slugs
  4 bats
  2 giant cockroaches
  6 goblins
  7 hobgoblins (D:1)
  3 jackals
  A quokka (D:2)
  A frilled lizard (D:1)
  4 kobolds
  4 rats
38 creatures vanquished.

Notes
Turn   | Place    | Note
-------+----------+-------------------------------------------
     0 | D:1      | vurker the Mummy Fire Elementalist began the quest for the
                  | Orb.
     0 | D:1      | Reached XP level 1. HP: 13/13 MP: 4/4
   129 | D:1      | Reached skill level 1 in Conjurations
   481 | D:1      | Reached skill level 3 in Spellcasting
   481 | D:1      | Reached XP level 2. HP: 20/20 MP: 4/6
   485 | D:1      | Learned a level 2 spell: Throw Flame
  1383 | D:2      | Reached XP level 3. HP: 25/25 MP: 1/7
  1484 | D:1      | Reached skill level 1 in Fighting
  1876 | D:2      | HP: 1/26 [adder (1)]
  1877 | D:2      | Slain by an adder

Levels and vault maps discovered:
D:1:      psy_arrival_dodecagon, layout_basic, serial_glass, glass_columns_b,
          glass_columns_b, glass_columns_b, glass_columns_b, glass_columns_b,
          glass_columns_a, glass_columns_a, glass_columns_a
D:2:      cheibrodos_helix_gallery, layout_basic, first_ration

Skill      XL: |  1  2  3 |
---------------+----------+-----
Conjurations   | 1 |  1.8
Spellcasting   | 3 |  3.6
Fighting       | 1 |  1.1
Dodging        | |  1.5
Stealth        | |  1.5
Fire Magic     | |  2.9

Action                   || total
-------------------------++-------
Melee: Unarmed           ||     4
       Dagger            ||    17
 Cast: Flame Tongue      ||    73
       Throw Flame       ||     2
Armor: Robe              ||    17
Dodge: Dodged            ||    49

Table legend:
 A = Non-vault XP
 B = Vault XP
 C = Vault XP percentage of total XP
 D = Non-vault monster count
 E = Vault monster count
 F = Vault count percentage of total count
                 A         B        C        D         E       F
            +---------+---------+-------+---------+---------+-------
      Total |      87 |       7 |   7.4 |      36 |       2 |   5.3
            +---------+---------+-------+---------+---------+-------
        D:1 |      37 |       0 |   0.0 |      20 |       0 |   0.0
        D:2 |      50 |       7 |  12.3 |      16 |       2 |  11.1
            +---------+---------+-------+---------+---------+-------
